 Dungeon Crawl Stone Soup version 0.20.0-15-g7f486f2 (webtiles) character file.

57833 NoNouf the Warrior (level 14, -20/148 HPs)
             Began as a Gargoyle Fighter on June 20, 2017.
             Was a High Priest of the Shining One.
             Demolished by Rupert
             ... wielding a +4 great mace of protection
              (31 damage)
             ... on level 2 of the Orcish Mines on June 21, 2017.
             The game lasted 03:03:45 (20812 turns).

NoNouf the Warrior (Gargoyle Fighter)              Turns: 20812, Time: 03:03:47

Health: -20/148    AC: 36    Str: 21      XL:     14   Next: 87%
Magic:  18/21      EV:  2    Int:  9      God:    the Shining One [*****.]
Gold:   2079       SH: 16    Dex: 11 (13) Spells: 12/13 levels left

rFire    . . .     SeeInvis .   D - +4 mace (protect)
rCold    . . .     Gourm    .   c - +1 shield
rNeg     + + +     Faith    .   (armour currently unavailable)
rPois    ∞         Spirit   .   (helmet currently unavailable)
rElec    .         Reflect  .   (cloak currently unavailable)
rCorr    +         Harm     .   (gloves currently unavailable)
MR       +....     NoTele   +   (boots currently unavailable)
Stlth    +.........             j - amulet of regeneration
Regen    0.8/turn               t - +2 ring of protection
MPRegen  0.2/turn               C - ring of resist corrosion

@: divine shield, tree-form, protection aura, glowing
A: deterioration 1, negative energy resistance 1, petrification resistance, rot
immunity, AC +9
a: Divine Shield, Cleansing Flame, Summon Divine Warrior, Renounce Religion


You were on level 2 of the Orcish Mines.
You worshipped the Shining One.
The Shining One was extremely pleased with you.
You were not hungry.
You were a tree.
You visited 5 branches of the dungeon, and saw 19 of its levels.
You also visited: Bailey.

You collected 2079 gold pieces.

Inventory:

Hand Weapons
 a - a +0 flail of crushing
 D - a +4 mace of protection (weapon)
Armour
 c - a +1 shield (worn)
 l - the +3 scale mail of a bailey (melded) {+Blink Int-4 Dex+4}
   (You took it off a gnoll in a bailey)

   It affects your intelligence (-4).
   It affects your dexterity (+4).
   It lets you blink.
 G - the +2 pair of gloves of Fiukhodi (melded) {+Blink rN+ Int+2}
   (You found it on level 4 of the Lair of Beasts)

   It affects your intelligence (+2).
   It protects you from negative energy.
   It lets you blink.
 H - a +0 cloak (melded)
 J - a +0 pair of boots (melded)
 P - a +0 helmet (melded)
Jewellery
 j - an amulet of regeneration (around neck)
 p - an uncursed ring of flight
 t - a +2 ring of protection (left branch)
 C - a ring of resist corrosion (right branch)
 O - the ring of Avamaton {rPois Int+3 Stlth+}
   (You found it on level 6 of the Lair of Beasts)

   [ring of stealth]

   It affects your intelligence (+3).
   It protects you from poison.
   It makes you more stealthy.
 R - an uncursed ring of protection from magic
Wands
 e - a wand of digging (7/24)
 i - a wand of acid (10/15)
 q - a wand of iceblast (10/15)
 u - a wand of confusion (19/48)
 E - a wand of paralysis (14/24)
 T - a wand of acid (1/15)
 V - a wand of flame (26/48)
Scrolls
 d - a scroll of noise {unknown}
 h - 2 scrolls of blinking
 k - 6 scrolls of teleportation
 m - a scroll of magic mapping
 n - 3 scrolls of remove curse
 o - 3 scrolls of recharging
 A - a scroll of fear
 I - 2 scrolls of identify
Potions
 b - 2 potions of agility {unknown}
 g - 3 potions of ambrosia
 s - a potion of lignification
 B - a potion of magic {unknown}
 W - 3 potions of curing
 Y - a potion of resistance
Books
 y - a book of Minor Magic

   Spells                             Type                      Level
   a - Magic Dart                     Conjuration                  1
   b - Blink                          Translocation                2
   c - Call Imp                       Summoning                    2
   d - Slow                           Hexes                        2
   e - Conjure Flame                  Conjuration/Fire             3
   f - Mephitic Cloud                 Conjuration/Poison/Air       3
 M - a book of Conjurations

   Spells                             Type                      Level
   a - Magic Dart                     Conjuration                  1
   b - Searing Ray                    Conjuration                  2
   c - Dazzling Spray                 Conjuration/Hexes            3
   d - Fulminant Prism                Conjuration/Hexes            4
   e - Force Lance                    Conjuration/Translocation    4
   f - Iskenderun's Mystic Blast      Conjuration                  4
Comestibles
 f - 9 bread rations
 r - 15 royal jellies
 v - 8 fruits
 w - 9 meat rations
 x - 8 chunks of flesh


   Skills:
 - Level 15.9 Fighting
 - Level 14.9 Maces & Flails
 * Level 10.8 Armour
 - Level 3.5 Shields
 * Level 9.9 Evocations


You had 12 spell levels left.
You knew the following spells:

 Your Spells              Type           Power        Failure   Level  Hunger
a - Magic Dart            Conj           #...         87%         1    ##.....


Dungeon Overview and Level Annotations

Branches:
Dungeon (9/15)             Temple (1/1) D:4            Lair (6/6) D:8
 Shoals (1/4) Lair:3        Snake (0/4) Lair:2        Slime (0/5) Lair:5
    Orc (2/2) D:9             Elf (0/3) Orc:2

Altars:
Ashenzari
Cheibriados
Dithmenos
Elyvilon
Fedhas
Gozag
Hepliaklqana
Kikubaaqudgha
Makhleb
Nemelex Xobeh
Okawaru
Qazlal
Ru
Sif Muna
Trog
Uskayaw
Vehumet
Xom
Yredelemnul
Zin
The Shining One
Beogh
Jiyva

Shops:
D:4 *   Orc:1 (

Annotations:
Lair:6 1 runed door
Orc:2 Nessos, Rupert


Innate Abilities, Weirdness & Mutations

You are resistant to torment.
((Your stone body is resilient. (AC +9)))
You are immune to poison.
((Your large and strong wings let you fly indefinitely.))
You resist negative energy. (rN+)
((You are resistant to electric shocks. (rElec)))
((You can survive without breathing.))
You are immune to petrification.
You are immune to rotting.
((Your skin changes colour to match your surroundings (Stealth+).))
Your body sometimes deteriorates upon taking damage.


Message History

Evoking this partially-identified wand wasted a few charges.
Rupert hits you with a great mace of protection!
Your shield is strengthened by the Shining One's divine power.
You feel slightly more hungry. You block the ogre's attack.
Nessos shouts, "I'm half man!
Half horse!
And all stone-cold KILLER!"
Rupert hits you with a great mace of protection!!
* * * LOW HITPOINT WARNING * * *
The orc priest invokes the aid of Beogh against you.
Beogh smites you!
* * * LOW HITPOINT WARNING * * *
Unknown command.
You feel better.
Rupert hits you with a great mace of protection!
* * * LOW HITPOINT WARNING * * *
You block the ogre's attack.
Nessos blinks!
You bludgeon Rupert!!
Your weapon exudes an aura of protection.
Rupert is moderately wounded.
Rupert hits you with a great mace of protection!!
You die...

..#......###.#.....#.#
o. ##...### ###...#.###
o.. ##....#.# ##..#.#
o..# ###.....#.###
#..### ...<##
.......>.##.# ####
#....##....##.....#
#.......#. #....####
###$....######o.....#
#.......o#.#♣@c.....##
#.@.§..(...##Oo......#
.....##c..(o(oo...##.##
.o.. #........#######


.oo ###........# .. ##...##.## . #...# ## ###.# ### You could see Rupert
(berserk), Nessos, an orc warrior, an ogre, an orc priest and an orc wizard
(invisible).

Vanquished Creatures
  2 dire elephants (Lair:6)
  A catoblepas (Lair:6)
  5 hydras
  An anaconda (Lair:5)
  4 two-headed ogres
  3 death yaks (Lair:6)
  2 orc high priests (Orc:1)
  Sonja (Lair:4)
  3 lindwurms (Lair:6)
  An orc knight (Bailey)
  The ghost of CrazyArbalest the Quickloader, a novice MiHu (D:7)
  A cyclops (Orc:2)
  2 manticores (Lair:6)
  A black mamba (Lair:6)
  2 elephants (Lair:6)
  5 torpor snails (Lair:6)
  12 spiny frogs
  8 rime drakes
  13 komodo dragons
  2 kobold demonologists (Bailey)
  3 trolls (Orc:1)
  3 tyrant leeches (Lair:6)
  2 polar bears
  10 hornets
  16 dream sheep
  20 blink frogs
  12 hippogriffs
  10 wyverns
  33 yaks
  5 basilisks
  A hungry ghost (D:8)
  Menkaure (D:7)
  2 wargs
  2 nagas (Lair:2)
  A soldier ant (D:8)
  A hell hound (Lair:5)
  4 porcupines
  13 water moccasins
  An ice beast (D:6)
  A black bear (D:7)
  5 phantoms
  2 sky beasts
  18 orc warriors
  2 necrophages
  An ogre (D:6)
  15 wolves
  22 crocodiles
  6 bullfrogs
  4 wights
  7 electric eels
  3 howler monkeys (D:8)
  5 crimson imps
  6 hounds
  9 orc priests
  4 jellies
  An iguana (D:6)
  15 orc wizards
  8 worker ants
  A hound skeleton (D:5)
  2 hound zombies
  9 gnolls
  11 adders
  A shadow imp (D:6)
  2 oozes
  An adder zombie (D:9)
  An adder skeleton (D:7)
  4 worms
  A dart slug (D:5)
  4 leopard geckos
  60 orcs
  5 bats
  4 giant cockroaches
  18 goblins
  11 hobgoblins
  8 jackals
  8 quokkas
  A ball python (D:2)
  A frilled lizard (D:2)
  A jackal skeleton (D:6)
  11 kobolds
  A quokka skeleton (D:4)
  5 rats
  A plant (Lair:4)
516 creatures vanquished.

Vanquished Creatures (others)
  A goblin (Bailey)
  A bush (Lair:6)
  8 fungi
  7 plants
17 creatures vanquished.

Grand Total: 533 creatures vanquished

Notes
Turn   | Place    | Note
-------+----------+-------------------------------------------
     0 | D:1      | NoNouf the Gargoyle Fighter began the quest for the Orb.
     0 | D:1      | Reached XP level 1. HP: 14/14 MP: 1/1
   764 | D:1      | Reached XP level 2. HP: 18/19 MP: 2/2
  1156 | D:2      | Reached XP level 3. HP: 23/23 MP: 3/3
  1203 | D:2      | Found a hide-covered altar of Uskayaw.
  1502 | D:2      | Reached XP level 4. HP: 22/28 MP: 4/4
  2111 | D:3      | Found a blossoming altar of Fedhas.
  2353 | D:3      | Reached XP level 5. HP: 32/32 MP: 5/5
  2391 | D:3      | Found an iron altar of Okawaru.
  3012 | D:4      | Noticed a necrophage
  3029 | D:4      | Killed a necrophage
  3029 | D:4      | Reached skill level 5 in Maces & Flails
  3029 | D:4      | Reached XP level 6. HP: 31/37 MP: 6/6
  3178 | D:4      | Found a staircase to the Ecumenical Temple.
  3201 | Temple   | Entered the Ecumenical Temple
  3236 | Temple   | Became a worshipper of the Shining One
  3593 | D:4      | Found a shadowy altar of Dithmenos.
  3593 | D:4      | Noticed a phantom
  3637 | D:4      | Killed a phantom
  3637 | D:4      | Reached skill level 5 in Armour
  3780 | D:4      | Found Riroru's Assorted Antiques.
  3887 | D:5      | Entered Level 5 of the Dungeon
  3962 | D:4      | Reached XP level 7. HP: 41/41 MP: 7/7
  4068 | D:4      | Found a shimmering altar of Xom.
  4069 | D:4      | Found a burning altar of Makhleb.
  4166 | D:4      | Found a shadowy altar of Dithmenos.
  4322 | D:5      | Found an ancient bone altar of Kikubaaqudgha.
  4406 | D:6      | Reached * piety under the Shining One
  4499 | D:5      | Found a sparkling altar of Nemelex Xobeh.
  4774 | D:5      | Reached XP level 8. HP: 32/46 MP: 8/8
  5096 | D:6      | Found a glowing silver altar of Zin.
  5869 | D:7      | Noticed CrazyArbalest's ghost (novice MiHu)
  5917 | D:7      | Killed CrazyArbalest's ghost
  5917 | D:7      | Reached skill level 10 in Maces & Flails
  5917 | D:7      | Reached XP level 9. HP: 47/51 MP: 9/9
  5975 | D:7      | Reached ** piety under the Shining One
  5992 | D:7      | Noticed Menkaure
  6004 | D:7      | Killed Menkaure
  6018 | D:7      | Found a stormy altar of Qazlal.
  6141 | D:7      | Found a flagged portal.
  6151 | Bailey   | Entered a bailey
  6302 | Bailey   | Noticed an orc knight
  6302 | Bailey   | Noticed a kobold demonologist
  6302 | Bailey   | Noticed a kobold demonologist
  6305 | Bailey   | Found an iron altar of Okawaru.
  6320 | Bailey   | Noticed a red devil
  6326 | Bailey   | Noticed a soul eater
  6614 | Bailey   | Killed an orc knight
  6627 | Bailey   | Reached XP level 10. HP: 53/56 MP: 10/10
  6755 | Bailey   | Noticed a sixfirhy
  6760 | Bailey   | Noticed a sixfirhy
  6763 | Bailey   | Killed a kobold demonologist
  6763 | Bailey   | Reached skill level 1 in Evocations
  6792 | Bailey   | Got a heavily runed scale mail
  6842 | Bailey   | Identified the +3 scale mail of a bailey {+Blink Int-4 Dex+4} (You took it off a gnoll in a bailey)
  6851 | Bailey   | Noticed an orange demon
  6871 | Bailey   | Noticed an orange demon
  6871 | Bailey   | Killed a kobold demonologist
  8271 | D:8      | Found a staircase to the Lair.
  8432 | D:8      | Found a snail-covered altar of Cheibriados.
  8433 | D:8      | Reached *** piety under the Shining One
  8447 | D:8      | Noticed a two-headed ogre
  8467 | D:8      | Killed a two-headed ogre
  8467 | D:8      | Reached skill level 10 in Armour
  8814 | D:8      | Noticed a two-headed ogre
  8833 | D:8      | Killed a two-headed ogre
  8833 | D:8      | Reached XP level 11. HP: 40/60 MP: 12/12
  8972 | D:8      | Noticed a two-headed ogre
  9001 | D:8      | Killed a two-headed ogre
  9531 | Lair:1   | Entered Level 1 of the Lair of Beasts
  9531 | Lair:1   | Found a labyrinth entrance.
 11441 | Lair:3   | Reached skill level 4 in Fighting
 11441 | Lair:3   | Reached skill level 5 in Evocations
 11632 | Lair:2   | Reached XP level 12. HP: 67/67 MP: 15/15
 11857 | Lair:2   | Reached skill level 5 in Fighting
 11878 | Lair:2   | Found a staircase to the Snake Pit.
 12047 | Lair:2   | Reached **** piety under the Shining One
 12121 | Lair:2   | Reached skill level 6 in Fighting
 12433 | Lair:2   | Reached skill level 7 in Fighting
 12942 | Lair:3   | Found a staircase to the Shoals.
 13670 | Lair:4   | Reached skill level 8 in Fighting
 14154 | Lair:4   | Got a pair of smoking gloves
 14165 | Lair:4   | Identified the +2 pair of gloves of Fiukhodi {+Blink rN+ Int+2} (You found it on level 4 of the Lair of Beasts)
 14197 | Lair:4   | Noticed Sonja
 14302 | Lair:4   | Killed Sonja
 14330 | Lair:4   | Gained mutation: You are partially covered in large bone plates. (SH +4) [potion of mutation]
 14330 | Lair:4   | Gained mutation: You occasionally shout uncontrollably at your foes. [potion of mutation]
 14330 | Lair:4   | Gained mutation: You have a pair of small horns on your head. [potion of mutation]
 14331 | Lair:4   | Lost mutation: You have a pair of small horns on your head. [potion of mutation]
 14331 | Lair:4   | Lost mutation: You occasionally shout uncontrollably at your foes. [potion of mutation]
 14331 | Lair:4   | Lost mutation: You are partially covered in large bone plates. (SH +4) [potion of mutation]
 14331 | Lair:4   | Gained mutation: Your skin changes colour to match your surroundings (Stealth+). [potion of mutation]
 14331 | Lair:4   | Gained mutation: Your body sometimes deteriorates upon taking damage. [potion of mutation]
 14331 | Lair:4   | Gained mutation: Your large and strong wings let you fly indefinitely. [potion of mutation]
 14382 | Lair:4   | Reached skill level 9 in Fighting
 14552 | Lair:4   | Got a jewelled chain mail
 14563 | Lair:4   | Identified the +1 chain mail of the Spheres {rC+} (You found it on level 4 of the Lair of Beasts)
 14614 | Lair:4   | Learned a level 1 spell: Magic Dart
 15045 | Lair:5   | Reached skill level 10 in Fighting
 15139 | Lair:5   | Reached XP level 13. HP: 68/82 MP: 18/18
 15177 | Lair:6   | Entered Level 6 of the Lair of Beasts
 15351 | Lair:5   | Found a viscous altar of Jiyva.
 15352 | Lair:5   | Found a staircase to the Slime Pits.
 15430 | Lair:5   | Reached skill level 11 in Fighting
 15630 | Lair:5   | Reached skill level 12 in Fighting
 16156 | Lair:5   | Reached skill level 13 in Fighting
 16577 | Lair:6   | Found a runed door.
 16683 | Lair:6   | Reached skill level 14 in Fighting
 16727 | Lair:6   | Mutation became permanent: Your large and strong wings let you fly indefinitely. [Gargoyle growth]
 16727 | Lair:6   | Gained mutation: Your large and strong wings let you fly indefinitely. [Gargoyle growth]
 16727 | Lair:6   | Reached XP level 14. HP: 74/96 MP: 20/20
 16813 | Lair:6   | Reached ***** piety under the Shining One
 17582 | Lair:6   | Reached skill level 15 in Fighting
 17626 | Lair:6   | Noticed a dire elephant
 17692 | Lair:6   | Killed a dire elephant
 18125 | Lair:6   | Noticed a dire elephant
 18467 | Lair:6   | Killed a dire elephant
 18903 | Lair:6   | Got a translucent lead ring
 18905 | Lair:6   | Identified the ring of Avamaton {rPois Int+3 Stlth+} (You found it on level 6 of the Lair of Beasts)
 19305 | Shoals:1 | Entered Level 1 of the Shoals
 19634 | D:9      | Found a basalt altar of Yredelemnul.
 19634 | D:9      | Found a shattered altar of Ashenzari.
 19928 | D:9      | Found a staircase to the Orcish Mines.
 19938 | Orc:1    | Entered Level 1 of the Orcish Mines
 20216 | Orc:1    | Found Gepreusm's Antique Weapon Emporium.
 20287 | Orc:1    | Found a roughly hewn altar of Beogh.
 20438 | Orc:2    | Entered Level 2 of the Orcish Mines
 20646 | Orc:2    | Found a staircase to the Elven Halls.
 20748 | Orc:2    | Noticed Nessos
 20750 | Orc:2    | Noticed Rupert
 20812 | Orc:2    | Demolished by Rupert

Skill      XL: |  1  2  3  4  5  6  7  8  9 10 11 12 13 14 |
---------------+-------------------------------------------+-----
Maces & Flails | 3 5 6 7 10 11 13 14 | 14.9
Armour         | 4 5 6 7 8 10 | 10.8
Evocations     | 2 5 7 8 9 |  9.9
Fighting       | 4 10 14 15 | 15.9
Shields        | |  3.5

Action                   |  1- 3 |  4- 6 |  7- 9 | 10-12 | 13-15 || total
-------------------------+-------+-------+-------+-------+-------++-------
Melee: Flail             |   185 |   227 |   133 |       |       ||   545
       Mace              |       |       |   230 |  1247 |  1266 ||  2743
Invok: Divine Shield     |       |       |       |       |     1 ||     1
 Abil: Evoke Flight      |       |       |     2 |       |       ||     2
Evoke: Wand              |       |       |     4 |     1 |     5 ||    10
  Use: Scroll            |     1 |     4 |     3 |    11 |     5 ||    24
       Potion            |     1 |       |     7 |     7 |    12 ||    27
  Eat: Chunk             |     2 |     4 |     8 |    21 |    20 ||    55
       Fruit             |       |     1 |       |     4 |     1 ||     6
       Bread ration      |       |     1 |       |       |       ||     1
       Meat ration       |       |       |     1 |       |       ||     1
Armor: Scale mail        |     9 |       |       |   488 |   649 ||  1146
       Plate armour      |   137 |    31 |       |       |       ||   168
       Ring mail         |       |    62 |   160 |    34 |       ||   256
       Skin              |       |       |       |       |   155 ||   155
Dodge: Dodged            |    24 |    59 |    99 |   201 |   239 ||   622
Block: Shield            |    97 |    98 |   166 |   415 |   568 ||  1344
